 Dungeon Crawl Stone Soup version 0.20-a0-548-g4f8a798 (console) character file.

2636 nht the Carver (level 9, -2/82 HPs)
             Began as a Halfling Berserker on Feb 1, 2017.
             Was an Elder of Trog.
             Slain by an ice beast (11 damage)
             ... on level 6 of the Dungeon.
             The game lasted 00:14:32 (4313 turns).

nht the Carver (Halfling Berserker)                 Turns: 4313, Time: 00:14:33

Health: -2/82      AC:  4    Str: 23    XL:     9   Next: 92%
Magic:  9/9        EV: 15    Int:  5    God:    Trog [****..]
Gold:   45         SH:  0    Dex: 17    Spells: 8/8 levels left

rFire    + . .     SeeInvis .   k - +2 dagger (elec)
rCold    . . .     Gourm    .   b - +0 animal skin
rNeg     . . .     Faith    .   (shield restricted)
rPois    .         Spirit   .   i - +0 helmet
rElec    .         Reflect  .   (no cloak)
rCorr    .         Harm     .   C - +0 pair of gloves
MR       ++...                  (no boots)
Stlth    ..........             f - amulet of rage
Regen    1.3/turn               (no ring)
                                q - ring of stealth

@: berserking, regenerating, very quick
A: fire resistance 1, high mp 1, mutation resistance 1
a: Berserk, Trog's Hand, Brothers in Arms, Burn Spellbooks, Renounce Religion,
Evoke Berserk Rage


You were on level 6 of the Dungeon.
You worshipped Trog.
Trog was greatly pleased with you.
You were near starving.

You visited 1 branch of the dungeon, and saw 6 of its levels.

You collected 250 gold pieces.
You spent 205 gold pieces at shops.

Inventory:

Hand Weapons
 a - a +0 falchion
 k - a +2 dagger of electrocution (weapon)
 w - a +2 long sword of slicing
Missiles
 x - 14 poisoned needles
Armour
 b - a +0 animal skin (worn)
 i - a +0 helmet (worn)
 o - a +0 crystal plate armour
 C - a +0 pair of gloves (worn)
Jewellery
 f - an amulet of rage (around neck)
 n - a +3 amulet of reflection
 q - a ring of stealth (left hand)
Wands
 v - a wand of lightning (3/15)
 D - a wand of disintegration (7/24)
Scrolls
 d - 8 scrolls of identify
 e - 7 scrolls of remove curse
 j - 3 scrolls of amnesia {unknown}
 l - 4 scrolls of enchant armour {unknown}
 m - 5 scrolls of teleportation
 p - 2 scrolls of fear
 t - 2 scrolls of magic mapping {unknown}
 y - 2 scrolls of fog
Potions
 s - 2 potions of heal wounds
 z - a potion of flight
 A - 3 potions of curing
 B - a potion of might
Comestibles
 c - 5 bread rations
 g - 6 royal jellies
 h - 2 meat rations
 r - 9 chunks of flesh
 u - 7 fruits


   Skills:
 - Level 2.6 Fighting
 + Level 12.7 Long Blades
 - Level 2.1 Armour
 - Level 2.1 Dodging


You had 8 spell levels left.
You didn't know any spells.

Dungeon Overview and Level Annotations

Branches:
Dungeon (6/15)
 Temple: D:4-7

Altars:

Shops:
D:5 !?[:[

Annotations:
D:6 Dowan


Innate Abilities, Weirdness & Mutations

You are small and have problems with some larger weapons.
You are somewhat resistant to further mutation.
Your flesh is heat resistant. (rF+)
You have an increased reservoir of magic. (+10% MP)


Message History

You hit Duvessa.
Duvessa is heavily wounded.
Duvessa hits you with a short sword!
You hit Duvessa.
There is a sudden explosion of sparks!
You kill Duvessa!
Trog accepts your kill.
You hear a distant wail of despair.
You hit the ice beast but do no damage.
There is a sudden explosion of sparks!
The ice beast is heavily wounded.
You hit the ice beast but do no damage.
The ice beast is heavily wounded.
The ice beast hits you. The ice beast freezes you!
* * * LOW HITPOINT WARNING * * *
A red film seems to cover your vision as you go berserk!
You feel yourself moving faster!
You feel mighty!
You are feeling very hungry.
You are near starving!
The ice beast hits you.
* * * LOW HITPOINT WARNING * * *
The ice beast freezes you!
You die...

█ █.██.....█ ███.██.██.█ .█████
█....█████ █........
.......████...████████████..████.
█...██...(...............█....███
█..█████...██........██.█....█
█....█...████.██████.........█
███.....███ █.██ ████.█....█
█.........█ █..████ █......█
█.███..██...███.@Y.█ ██.....█ ..█
██..███.....██.██ █.....█
.██████.███████..█..█ █.....█
<........█ ██.██.██ █.....█
█......█.█ █.██e.████.█████
█......... █..██.e......█
...8...██ ██.██........█
.....(..█ P..██..█).......█
........█ P.......(.....§..█


You could see an ice beast.

Vanquished Creatures
  Pikel (D:6)
  The ghost of KristoblXynda the Cudgeler, a novice DrGl (D:4)
  Prince Ribbit (D:5)
  Menkaure (D:6)
  Duvessa (D:6)
  3 ice beasts
  An ogre (D:5)
  2 slaves (D:6)
  2 phantoms
  Blork the orc (D:5)
  3 scorpions
  A howler monkey (D:5)
  A centaur zombie (D:5)
  A bullfrog zombie (D:6)
  3 orc priests
  A centaur skeleton (D:4)
  2 hounds
  A jelly (D:3)
  3 orc wizards
  Terence (D:2)
  3 iguanas
  2 worker ants
  A hound skeleton (D:6)
  3 adders
  An ooze (D:3)
  An adder zombie (D:6)
  An adder skeleton (D:6)
  2 worms
  3 leopard geckos
  25 orcs
  A ball python (D:1)
  5 bats
  6 giant cockroaches
  9 goblins
  6 hobgoblins
  2 jackals (D:1)
  A quokka (D:4)
  10 frilled lizards
  10 kobolds
  3 leopard gecko skeletons
  7 rats
133 creatures vanquished.

Vanquished Creatures (others)
  A slave (D:6)
  An adder (D:6)
  A quokka skeleton (D:6)
3 creatures vanquished.

Grand Total: 136 creatures vanquished

Notes
Turn   | Place    | Note
-------+----------+-------------------------------------------
     0 | D:1      | nht the Halfling Berserker began the quest for the Orb.
     0 | D:1      | Reached XP level 1. HP: 15/15 MP: 1/1
    42 | D:1      | Reached XP level 2. HP: 17/20 MP: 2/2
   207 | D:1      | Reached skill level 4 in Long Blades
   207 | D:1      | Reached XP level 3. HP: 8/25 MP: 3/3
   278 | D:1      | Gained mutation: You have an increased reservoir of magic. (+10% MP) [potion of mutation]
   278 | D:1      | Gained mutation: Your flesh is heat resistant. (rF+) [potion of mutation]
   283 | D:1      | Reached ** piety under Trog
   527 | D:2      | Noticed Terence
   535 | D:2      | Killed Terence
   535 | D:2      | Reached XP level 4. HP: 30/30 MP: 4/4
   836 | D:2      | Reached skill level 5 in Long Blades
  1043 | D:3      | HP: 1/45 [orc/flail (12)]
  1409 | D:3      | Reached XP level 5. HP: 32/35 MP: 5/5
  1678 | D:4      | Noticed KristoblXynda's ghost (novice DrGl)
  1699 | D:4      | Killed KristoblXynda's ghost
  1699 | D:4      | Reached skill level 7 in Long Blades
  1699 | D:4      | Reached XP level 6. HP: 8/41 MP: 6/6
  1699 | D:4      | Reached XP level 7. HP: 9/45 MP: 7/7
  2105 | D:3      | Reached *** piety under Trog
  2109 | D:3      | Reached skill level 8 in Long Blades
  2418 | D:4      | Reached XP level 8. HP: 51/51 MP: 8/8
  2446 | D:4      | Reached skill level 9 in Long Blades
  3061 | D:5      | Entered Level 5 of the Dungeon
  3145 | D:5      | Found Eseoz's Antique Armour Boutique.
  3187 | D:5      | Noticed Prince Ribbit
  3199 | D:5      | Killed Prince Ribbit
  3199 | D:5      | Reached skill level 10 in Long Blades
  3244 | D:5      | Found Fiol's Antique Armour Shoppe.
  3295 | D:5      | Found Reremucw's Magic Scroll Emporium.
  3326 | D:5      | Found Goidood's Distillery.
  3334 | D:5      | Bought a potion of curing for 30 gold pieces
  3334 | D:5      | Bought a potion of might for 40 gold pieces
  3334 | D:5      | Bought a potion of heal wounds for 50 gold pieces
  3366 | D:5      | Bought a scroll of teleportation for 30 gold pieces
  3366 | D:5      | Bought a scroll of fear for 35 gold pieces
  3366 | D:5      | Bought a scroll of fog for 20 gold pieces
  3417 | D:5      | Reached XP level 9. HP: 55/55 MP: 9/9
  3496 | D:5      | Noticed Blork the orc
  3502 | D:5      | Reached **** piety under Trog
  3510 | D:5      | Killed Blork the orc
  3510 | D:5      | Reached skill level 11 in Long Blades
  3596 | D:5      | Found Cuosh's Book Boutique.
  3945 | D:6      | Noticed Menkaure
  3951 | D:6      | Killed Menkaure
  4020 | D:6      | Noticed Pikel
  4066 | D:6      | Reached skill level 12 in Long Blades
  4089 | D:6      | Killed Pikel
  4280 | D:6      | Noticed Dowan
  4286 | D:6      | Noticed Duvessa
  4310 | D:6      | Killed Duvessa
  4313 | D:6      | Slain by an ice beast

Vault maps used:
D:1:      doesnt_arrival_goblin_jail
D:2:      minmay_misc_feat_tower, uniq_terence
D:5:      serial_shops, nicolae_shop_overgrown_old_shop, shop, shop, shop, shop,
          first_bread, uniq_prince_ribbit1, uniq_blork_the_orc
D:6:      serial_undead, serial_undead_f, serial_undead_c, serial_undead_c,
          serial_undead_b, serial_undead_a, serial_undead_f, serial_undead_d,
          uniq_pikel, uniq_crazy_yiuf_cottage, uniq_menkaure, uniq_duvessa

Skill      XL: |  1  2  3  4  5  6  7  8  9 |
---------------+----------------------------+-----
Long Blades    | 4 5 7 8 10 12 | 12.7
Fighting       | |  2.6
Armour         | |  2.1
Dodging        | |  2.1

Action                   |  1- 3 |  4- 6 |  7- 9 || total
-------------------------+-------+-------+-------++-------
Melee: Falchion          |    56 |    10 |       ||    66
       Dagger            |       |    79 |   267 ||   346
Invok: Berserk           |     1 |     2 |     8 ||    11
       Trog's Hand       |       |       |     1 ||     1
Evoke: Wand              |       |       |     1 ||     1
  Use: Potion            |     1 |     1 |       ||     2
       Scroll            |       |       |     3 ||     3
 Stab: Sleeping          |     1 |     3 |     7 ||    11
       Distracted        |       |       |     2 ||     2
  Eat: Chunk             |       |     4 |    16 ||    20
Armor: Animal skin       |     6 |     7 |    18 ||    31
Dodge: Dodged            |    72 |    56 |   109 ||   237
Block: Other             |       |     2 |       ||     2
       Rpst.: Falchion   |    23 |     2 |       ||    25
